 Dungeon Crawl Stone Soup version 0.28-a0-124-g73ec313a74 (webtiles) character file.

Game seed: 4224017672134182300

59 voltaire321 the Chopper (level 3, -4/31 HPs)
             Began as a Minotaur Gladiator on Aug 14, 2021.
             Killed by nerve-wracking pain
             ... invoked by Grinder
              (11 damage)
             ... on level 3 of the Dungeon.
             The game lasted 00:03:56 (2307 turns).

voltaire321 the Chopper (Minotaur Gladiator)        Turns: 2307, Time: 00:03:56

Health: -4/31      AC:  8    Str: 19    XL:     3   Next: 78%
Magic:  2/2        EV:  8    Int:  5    God:
Gold:   47         SH:  0    Dex: 11    Spells: 2/2 levels left

rFire   . . .      SeeInvis .   a - +0 war axe
rCold   . . .      Faith    .   (no shield)
rNeg    . . .      Spirit   .   h - +0 chain mail
rPois   .          Reflect  .   c - +0 hat
rElec   .          Harm     .   (no cloak)
rCorr   .          Rampage  .   (no gloves)
Will    .....                   (no boots)
Stlth   ..........              (no amulet)
HPRegen 0.10/turn               (no ring)
MPRegen 0.08/turn               (no ring)

@: no status effects
A: horns 2, retaliatory headbutt
a: no special abilities


You were on level 3 of the Dungeon.
You visited 1 branch of the dungeon, and saw 3 of its levels.

You collected 47 gold pieces.

Inventory:

Hand Weapons
 a - a +0 war axe (weapon)
Missiles
 d - 3 throwing nets
 g - 5 atropa-tipped darts (quivered)
Armour
 c - a +0 hat (worn)
 h - a +0 chain mail (worn)
Jewellery
 n - an amulet of magic regeneration
Scrolls
 b - a scroll of fear {unknown}
 f - 2 scrolls of identify {unknown}
 i - a scroll of immolation {unknown}
 l - a scroll of noise {unknown}
 m - a scroll of amnesia {unknown}
 o - a scroll of torment {unknown}
Potions
 e - 3 potions of magic {unknown}
 j - 2 potions of curing {unknown}
 k - a potion of flight {unknown}


   Skills:
 + Level 3.1 Fighting
 + Level 4.1 Axes
 + Level 2.6 Throwing
 + Level 1.6 Armour
 + Level 3.7 Dodging


You had 2 spell levels left.
You didn't know any spells.
Your spell library contained the following spells:

 Spells                   Type           Power      Damage    Failure   Level
 Apportation              Tloc           0%         N/A       100%        1
 Magic Dart               Conj           0%         1d3       100%        1
 Call Imp                 Summ           0%         N/A       100%        2
 Mephitic Cloud           Conj/Pois/Air  0%         N/A       100%        3
 Alistair's Intoxication  Tmut/Pois      0%         N/A       100%        5
 Invisibility             Hex            0%         N/A       100%        6


Dungeon Overview and Level Annotations

Branches:
Dungeon (3/15)

Altars:

Annotations:
D:2 1 runed translucent door, Crazy Yiuf
D:3 Grinder


Innate Abilities, Weirdness & Mutations

You have a pair of horns on your head.
You reflexively headbutt those who attack you in melee.


Message History

Found a leather armour.
Grinder comes into view.
Grinder shouts!
You hear a shout!
Found 16 gold pieces.
Throw: 7 darts (atropa)
Press: ? - help, Q - select action, (/) - cycle Shift-Dir - straight line, f - Grinder
Aim: Grinder (52% to hit, chance to blind on hit: 35%)
You throw an atropa-tipped dart. The atropa-tipped dart hits Grinder!
Grinder resists.
Throw: 6 darts (atropa)
Press: ? - help, Q - select action, (/) - cycle Shift-Dir - straight line, f/p - Grinder
Aim: Grinder (52% to hit, chance to blind on hit: 35%)
You throw an atropa-tipped dart. The atropa-tipped dart hits Grinder.
Grinder appears confused.
A goblin comes into view. It is wielding a +0 club.
The goblin shouts!
Grinder seems less confused.
Grinder barely misses you. The goblin completely misses you.
You closely miss the goblin. You barely miss Grinder.
Grinder is no longer blind.
Grinder hits you but does no damage. The goblin barely misses you.
You slash Grinder! You headbutt Grinder!
Grinder is heavily wounded.
You hit the goblin. Grinder hits you.
You writhe in agony.
The goblin hits you with a +0 club. Grinder hits you.
You closely miss Grinder.
Grinder is heavily wounded.
You closely miss the goblin. The goblin closely misses you. Grinder hits you!
The goblin hits you but does no damage.
You hit Grinder but do no damage. You headbutt Grinder.
Grinder is heavily wounded.
You slash the goblin!
You kill the goblin!
Grinder hits you.
* * * LOW HITPOINT WARNING * * *
You completely miss Grinder.
Grinder is heavily wounded.
Grinder gestures at you. Pain shoots through your body!
You die...

..# .. .. ###.# ..
.#.. ##. ... .. ..
#(#.# #5).# ....
#@.# ....... ##.##
#........ #.[.###
#........ #.#...#
#........
#..###.####........
#.# #.............
.. ##.............
#.# #..............
.. #..............


You could see Grinder.

Vanquished Creatures
  An adder (D:2)
  A worm (D:2)
  3 dart slugs
  3 bats
  2 endoplasms
  A giant cockroach (D:3)
  6 goblins
  4 hobgoblins
  2 jackals (D:1)
  2 quokkas (D:2)
  4 ball pythons
  3 frilled lizards
  6 kobolds
  3 rats
41 creatures vanquished.

Notes
Turn   | Place    | Note
-------+----------+-------------------------------------------
     0 | D:1      | voltaire321 the Minotaur Gladiator began the quest for the
                  | Orb.
     0 | D:1      | Reached XP level 1. HP: 18/18 MP: 0/0
   292 | D:1      | Reached XP level 2. HP: 23/25 MP: 1/1
   517 | D:1      | Reached skill level 1 in Armour
   592 | D:1      | Found a faded altar of an unknown god.
   985 | D:2      | Reached skill level 4 in Axes
   985 | D:2      | Reached XP level 3. HP: 30/30 MP: 2/2
  1416 | D:2      | Found a runed translucent door.
  1417 | D:2      | Noticed Crazy Yiuf
  2297 | D:3      | Noticed Grinder
  2307 | D:3      | Killed from afar by Grinder

Illustrated notes

Levels and vault maps discovered:
D:1:      beargit_arrival_diablo_church, layout_basic, serial_aquarium,
          aquarium_bridge_straight [aquarium_subvault_bridge,
          aquarium_subvault_wall, aquarium_subvault_bridge,
          aquarium_subvault_wall], aquarium_bridge_island_small
          [aquarium_subvault_small_water, aquarium_subvault_bridge,
          aquarium_subvault_window, aquarium_subvault_bridge,
          aquarium_subvault_wall], aquarium_window_corridor_3,
          aquarium_window_1, aquarium_window_double, aquarium_view_2f,
          hellmonk_ecumenical_altar_dog_temple
D:2:      layout_basic, uniq_crazy_yiuf_cottage
D:3:      layout_rooms, uniq_grinder

Skill      XL: |  1  2  3 |
---------------+----------+-----
Armour         | 1 |  1.6
Axes           | 4 |  4.1
Fighting       | 3 |  3.1
Throwing       | |  2.6
Dodging        | |  3.7

Action                   || total
-------------------------++-------
Melee: War axe           ||    84
       Headbutt          ||    13
Throw: Dart              ||     2
Armor: Chain mail        ||    45
       Leather armour    ||     3
Dodge: Dodged            ||    45

Table legend: (Time is in decaauts)
 A = Elapsed time spent in this place.
 B = Non-inter-level travel time spent in this place.
 C = Inter-level travel time spent in this place.
 D = Time resting spent in this place.
 E = Time spent auto-exploring this place.
 F = Levels seen in this place.
 G = Mean time per level.
                   A        B        C        D        E       F      G
               +--------+--------+--------+--------+--------+-----+--------+
         Total |   2331 |   2198 |    133 |    185 |   1683 |   3 |  777.0 |
       Dungeon |   2331 |   2198 |    133 |    185 |   1683 |   3 |  777.0 |
               +--------+--------+--------+--------+--------+-----+--------+

Top non-repeatable levels by time:
     D:2: 1346 daAuts
     D:1: 953 daAuts
     D:3: 31 daAuts
